 Dungeon Crawl Stone Soup version 0.24.0-123-gd5b16e6ec5 (webtiles) character file.

Game seed: 5200484550476195493, levelgen mode: deterministic

11380 FluffierThanThou the Fighter (level 11, -5/106 HPs)
             Began as a Hill Orc Fighter on Jan 17, 2020.
             Was a Priest of Beogh.
             Slain by a death knight
             ... wielding a +3 halberd
              (15 damage)
             ... on level 11 of the Dungeon.
             The game lasted 00:28:44 (11215 turns).

FluffierThanThou the Fighter (Hill Orc Fighter)    Turns: 11215, Time: 00:28:45

Health: -5/106     AC: 21    Str: 23    XL:     11   Next: 76%
Magic:  11/11      EV:  7    Int:  8    God:    Beogh [***...]
Gold:   227        SH: 11    Dex: 10    Spells: 10/10 levels left

rFire    . . .     SeeInvis .   a - +1 war axe
rCold    + . .     Gourm    .   c - +0 shield
rNeg     . . .     Faith    .   w - +3 chain mail {rC+}
rPois    .         Spirit   .   (no helmet)
rElec    .         Reflect  .   G - +0 cloak
rCorr    +         Harm     .   F - +2 pair of gloves
MR       .....                  r - +0 pair of boots
Stlth    ..........             (no amulet)
HPRegen  0.27/turn              p - ring of stealth
MPRegen  0.12/turn              q - ring of resist corrosion

@: about to teleport
A: no striking features
a: Smiting, Renounce Religion


You were on level 11 of the Dungeon.
You worshipped Beogh.
Beogh was most pleased with you.
You were very hungry.

You visited 1 branch of the dungeon, and saw 11 of its levels.

You collected 587 gold pieces.
You spent 360 gold pieces at shops.

Inventory:

Hand Weapons
 a - a +1 war axe (weapon)
 z - the +6 spear of Tender Mercy {holy, rElec rPois MR- Str+2, unknown}
   (You found it on level 4 of the Dungeon)

   It has been blessed by the Shining One to cause great damage to the undead
   and demons.
   It affects your strength (+2).
   It insulates you from electricity.
   It protects you from poison.
   It affects your resistance to hostile enchantments.
Missiles
 B - 2 throwing nets (quivered) {!f}
Armour
 c - a +0 shield (worn)
 r - a +0 pair of boots (worn)
   (You found it on level 8 of the Dungeon)
 u - a +0 plate armour
   (You found it on level 3 of the Dungeon)
 w - a +3 chain mail of cold resistance (worn)
   (You took it off Edmund on level 4 of the Dungeon)
 y - +0 fire dragon scales
   (You found it on level 11 of the Dungeon)
 F - a +2 pair of gloves (worn)
   (You found it on level 9 of the Dungeon)
 G - a +0 cloak (worn)
   (You took it off Crazy Yiuf on level 4 of the Dungeon)
Jewellery
 p - a ring of stealth (left hand)
   (You found it on level 2 of the Dungeon)
 q - a ring of resist corrosion (right hand)
   (You found it on level 3 of the Dungeon)
 s - an uncursed ring of flight
   (You found it on level 3 of the Dungeon)
Wands
 k - a wand of disintegration (16)
   (You found it on level 8 of the Dungeon)
 l - a wand of enslavement (7)
   (You found it on level 10 of the Dungeon)
 o - a wand of iceblast (6)
   (You found it on level 10 of the Dungeon)
Scrolls
 f - 4 scrolls of identify {@r1}
 g - 2 scrolls of enchant armour
 h - 3 scrolls of remove curse {@r2}
 n - 3 scrolls of random uselessness
Potions
 i - a potion of flight
 v - 2 potions of magic
 x - 4 potions of brilliance
 D - 2 potions of degeneration {!q}
 E - 2 potions of cancellation
Comestibles
 e - 14 rations {!d}


   Skills:
 * Level 12.8 Fighting
 + Level 10.2 Axes
 * Level 11.9 Armour
 + Level 8.8 Shields


You had 10 spell levels left.
You didn't know any spells.
Your spell library contained the following spells:

 Spells                   Type           Power        Failure   Level  Hunger
 Confusing Touch          Hex            #.....       99%         1    ##.....
 Corona                   Hex            #......      99%         1    ##.....
 Magic Dart               Conj           #...         99%         1    ##.....
 Sandblast                Erth           #.....       99%         1    ##.....
 Blink                    Tloc           N/A          100%        2    ###....
 Call Imp                 Summ           #.......     100%        2    ###....
 Ensorcelled Hibernation  Hex/Ice        #.....       100%        2    ###....
 Passwall                 Tmut/Erth      #.......     100%        2    ###....
 Slow                     Hex            #.......     100%        2    ###....
 Confuse                  Hex            #.......     100%        3    ####...
 Conjure Flame            Conj/Fire      #.......     100%        3    ####...
 Dazzling Spray           Conj/Hex       #.....       100%        3    ####...
 Gell's Gravitas          Tloc           #.........   100%        3    ####...
 Mephitic Cloud           Conj/Pois/Air  #.......     100%        3    ####...
 Stone Arrow              Conj/Erth      #.....       100%        3    ####...
 Tukima's Dance           Hex            #.......     100%        3    ####...
 Petrify                  Tmut/Erth      #.......     100%        4    #####..
 Bolt of Magma            Conj/Fire/Erth #.........   100%        5    ######.
 Iskenderun's Battlesphe  Conj/Chrm      #.......     100%        5    ######.
 Lee's Rapid Deconstruct  Erth           #.........   100%        5    ######.
 Metabolic Englaciation   Hex/Ice        #.........   100%        5    ######.
 Venom Bolt               Conj/Pois      #.........   100%        5    ######.
 Yara's Violent Unravell  Hex/Tmut       #.........   100%        5    ######.
 Iron Shot                Conj/Erth      #.........   100%        6    #######
 Orb of Destruction       Conj           #.........   100%        7    #######
 Spellforged Servitor     Conj/Summ      #.........   100%        7    #######


Dungeon Overview and Level Annotations

Branches:
Dungeon (11/15)            Temple (0/1) D:6            Lair (0/6) D:10
    Orc: D:9-12

Altars:
Gozag
Nemelex Xobeh
Sif Muna
Wu Jian
Zin

Shops:
D:4 ((   D:6 [   D:7 [%((*   D:9 *   D:10 [

Annotations:
D:5 1 runed translucent door
D:9 exclusions: 4 electric eels and 2 more exclusions


Message History

You start resting.
The phantom is too close now for your liking.
The phantom blinks!
You start resting.
The death knight is too close now for your liking.
You cannot move.
You cannot move.
You cannot move.
You cannot move.
A death knight is nearby!
The death knight offers itself to Yredelemnul, and fills with unholy energy.
You barely miss the phantom. You block the phantom's attack.
You closely miss the phantom.
The phantom hits you but does no damage.
You barely miss the phantom.
The phantom blinks!
You block the death knight's attack.
You cannot move.
You cannot move.
You cannot move.
As you read the scroll labeled FIPPUCOIMORI, it crumbles to dust.
You hear a loud clanging noise!
It was a scroll of noise.
Your transformation is almost over.
You hear a shout!
You hear an angry hiss. x2
You hear a horrible gurgling sound!
You block the death knight's attack.
As you read the scroll labeled TEIRATALYK, it crumbles to dust.
It is a scroll of enchant weapon.
Your +0 war axe glows red for a moment.
The death knight hits you from afar with a +3 halberd!
* * * LOW HITPOINT WARNING * * *
You cannot move.
You block the death knight's attack.
The death knight's dark mirror aura disappears.
The death knight hits you but does no damage.
The death knight hits you from afar with a +3 halberd!
* * * LOW HITPOINT WARNING * * *
The death knight hits you but does no damage.
Your magical effects are unravelling.
You feel magically purged.
You feel less wooden.
Your +0 cloak unmelds from your body.
Your +2 pair of gloves unmelds from your body.
Your +0 pair of boots unmelds from your body.
Your +3 chain mail of cold resistance unmelds from your body.
You feel resistant to cold. You block the death knight's attack.
As you read the scroll of teleportation {@r4}, it crumbles to dust.
You feel strangely unstable.
The death knight hits you from afar with a +3 halberd!
You die...

... ...........#
...............#
...............# #
.#.............#
#H###.#.............#
#.....#.............#
#.....#...........
#)###.#.......####
#@....#.......'...
#..†..#.....#....#...
#.###p#.###.#....#...
# ..#.....#....#...
..............#...
...............#...
................#...
.................####
######......(......


You could see a death knight.

Vanquished Creatures
  4 two-headed ogres
  A wizard (D:11)
  A manticore (D:11)
  A komodo dragon (D:11)
  2 trolls
  A polar bear (D:9)
  Prince Ribbit (D:5)
  2 hornets
  A hippogriff (D:9)
  Sigmund (D:5)
  2 wyverns
  6 yaks
  A hungry ghost (D:7)
  2 soldier ants (D:8)
  Edmund (D:4)
  Duvessa (D:4)
  An orc warrior (D:9)
  3 sky beasts
  5 ice beasts
  A black bear (D:10)
  6 ogres
  2 necrophages
  2 centaurs
  A wolf (D:9)
  Blork the orc (D:5)
  6 bullfrogs
  A gnoll sergeant (D:6)
  A wyvern zombie (D:10)
  Dowan (D:4)
  A scorpion (D:9)
  5 killer bees (D:11)
  A jelly (D:11)
  12 wights
  2 howler monkeys
  4 crimson imps
  2 bullfrog zombies
  A centaur zombie (D:9)
  2 quasits
  3 orc priests
  Crazy Yiuf (D:4)
  A hound (D:5)
  4 orc wizards
  A bullfrog skeleton (D:11)
  4 iguanas
  4 worker ants
  A bullfrog simulacrum (D:9)
  2 hound skeletons
  A killer bee simulacrum (D:9)
  A worker ant zombie (D:7)
  Robin (D:4)
  4 gnolls (D:6)
  12 adders
  3 shadow imps
  2 white imps (D:9)
  A howler monkey simulacrum (D:9)
  A worker ant simulacrum (D:9)
  3 ufetubi (D:9)
  3 oozes
  2 adder zombies
  An adder skeleton (D:4)
  6 worms
  2 dart slugs
  An adder simulacrum (D:9)
  5 leopard geckos
  19 orcs
  A ball python (D:2)
  7 giant cockroaches
  18 goblins
  15 hobgoblins
  4 jackals (D:1)
  6 quokkas
  9 bats
  11 frilled lizards
  A jackal skeleton (D:5)
  A jackal zombie (D:8)
  6 kobolds
  6 rats
263 creatures vanquished.

Vanquished Creatures (others)
  2 orc wizards
  An orc (D:6)
3 creatures vanquished.

Grand Total: 266 creatures vanquished

Notes
Turn   | Place    | Note
-------+----------+-------------------------------------------
     0 | D:1      | FluffierThanThou the Hill Orc Fighter began the quest for
                  | the Orb.
     0 | D:1      | Reached XP level 1. HP: 19/19 MP: 1/1
    77 | D:1      | Reached XP level 2. HP: 24/27 MP: 2/2
    94 | D:1      | Reached skill level 4 in Fighting
   165 | D:1      | Reached XP level 3. HP: 32/33 MP: 3/3
   823 | D:2      | Reached XP level 4. HP: 41/41 MP: 4/4
  1752 | D:3      | Reached XP level 5. HP: 41/47 MP: 5/5
  1920 | D:3      | Reached skill level 5 in Fighting
  2320 | D:4      | Noticed Edmund
  2337 | D:4      | Killed Edmund
  2337 | D:4      | Reached skill level 5 in Armour
  2337 | D:4      | Reached XP level 6. HP: 54/56 MP: 6/6
  2419 | D:4      | Noticed Robin
  2445 | D:4      | Killed Robin
  2462 | D:4      | Got a jewelled spear
  2719 | D:4      | Found Noykloc's Antique Weapon Emporium.
  2731 | D:4      | Reached skill level 6 in Fighting
  2778 | D:4      | Noticed Dowan
  2780 | D:4      | Noticed Duvessa
  2787 | D:4      | Killed Duvessa
  2787 | D:4      | Reached XP level 7. HP: 44/64 MP: 7/7
  2791 | D:4      | Killed Dowan
  2836 | D:4      | Found Toadd's Antique Weapon Boutique.
  2910 | D:4      | Found a runed translucent door.
  2911 | D:4      | Noticed Crazy Yiuf
  2941 | D:4      | Reached skill level 5 in Axes
  2981 | D:4      | Killed Crazy Yiuf
  3019 | D:5      | Entered Level 5 of the Dungeon
  3122 | D:5      | Noticed Sigmund
  3228 | D:4      | Reached skill level 7 in Fighting
  3228 | D:4      | Reached skill level 5 in Shields
  3228 | D:4      | Reached XP level 8. HP: 58/73 MP: 8/8
  3614 | D:5      | Noticed Prince Ribbit
  3637 | D:5      | Noticed Blork the orc
  3682 | D:5      | HP: 3/73 [Blork the orc/magic dart (4)]
  3687 | D:5      | Killed Blork the orc
  3694 | D:5      | Killed Prince Ribbit
  4161 | D:5      | Killed Sigmund
  4161 | D:5      | Reached skill level 8 in Fighting
  4193 | D:5      | Found a glowing silver altar of Zin.
  4194 | D:5      | Found a runed translucent door.
  4194 | D:5      | Noticed an angel
  4416 | D:6      | Became a worshipper of Beogh the Brigand
  4704 | D:6      | Found Hitiwn's Armour Emporium.
  4803 | D:6      | Reached XP level 9. HP: 82/82 MP: 9/9
  4936 | D:6      | Found a sparkling altar of Nemelex Xobeh.
  5197 | D:6      | Found a staircase to the Ecumenical Temple.
  5298 | D:7      | Found Voneshoy's Weapon Shoppe.
  5351 | D:7      | Noticed a hornet
  5356 | D:7      | Reached * piety under Beogh
  5365 | D:7      | Paralysed by a hornet for 1 turns
  5369 | D:7      | Killed a hornet
  5369 | D:7      | Reached skill level 9 in Fighting
  5622 | D:7      | Found Suulusob's Food Shoppe.
  5629 | D:7      | Bought a ration for 60 gold pieces
  5629 | D:7      | Bought a ration for 60 gold pieces
  5629 | D:7      | Bought a ration for 60 gold pieces
  5629 | D:7      | Bought a ration for 60 gold pieces
  5629 | D:7      | Bought a ration for 60 gold pieces
  5629 | D:7      | Bought a ration for 60 gold pieces
  5660 | D:7      | Found Nugeph's Antique Weapon Emporium.
  5693 | D:7      | Found Bahacka's Assorted Antiques.
  5873 | D:7      | Found Recrun's Armour Shoppe.
  6137 | D:8      | Noticed a two-headed ogre
  6155 | D:8      | HP: 4/85 [two-headed ogre/+0 giant club (12)]
  6944 | D:8      | Killed a two-headed ogre
  6944 | D:8      | Reached skill level 10 in Fighting
  6944 | D:8      | Reached XP level 10. HP: 94/94 MP: 10/10
  7103 | D:8      | Noticed a two-headed ogre
  7116 | D:8      | HP: 4/94 [two-headed ogre/+0 giant club (12)]
  7117 | D:8      | Killed a two-headed ogre
  7777 | D:8      | Reached skill level 10 in Armour
  7992 | D:9      | Reached skill level 11 in Fighting
  8105 | D:9      | Reached ** piety under Beogh
  8934 | D:9      | Found an ornate altar of the Wu Jian Council.
  9068 | D:9      | Found an opulent altar of Gozag.
  9068 | D:9      | Found Gozag's Platinum Reserve.
  9123 | D:9      | Reached XP level 11. HP: 36/104 MP: 11/11
  9600 | D:9      | Found a shimmering blue altar of Sif Muna.
  9781 | D:10     | Entered Level 10 of the Dungeon
 10075 | D:10     | Reached *** piety under Beogh
 10081 | D:10     | Found Yski's Antique Armour Shop.
 10240 | D:10     | Noticed a two-headed ogre
 10254 | D:10     | Killed a two-headed ogre
 10254 | D:10     | Reached skill level 12 in Fighting
 10264 | D:10     | Found a staircase to the Lair.
 10745 | D:11     | Noticed a two-headed ogre
 10756 | D:11     | Killed a two-headed ogre
 10793 | D:11     | Reached skill level 10 in Axes
 11123 | D:11     | Noticed a manticore
 11136 | D:11     | Killed a manticore
 11137 | D:11     | Noticed a wizard
 11148 | D:11     | Killed a wizard
 11162 | D:11     | Noticed a death knight
 11215 | D:11     | Slain by a death knight

Levels and vault maps discovered:
D:1:      wander_arrival_fairy_ring, layout_loops_ring
D:2:      layout_basic, hex_medium, kennysheep_generic_room_10
D:3:      layout_loops_ring, grunt_ministairs_3
D:4:      layout_basic, first_ration, serial_shops,
          nicolae_shop_window_shopping, nicolae_shop_trees, uniq_edmund,
          uniq_duvessa, uniq_robin, uniq_crazy_yiuf_cottage
D:5:      layout_basic, lemuel_angel_altar, uniq_prince_ribbit1, uniq_sigmund,
          uniq_blork_the_orc
D:6:      layout_loops_ring, minmay_temple_entry_nine_rooms, serial_shops,
          kennysheep_mini, nemelex_diamond_rough_becter
D:7:      layout_rooms, serial_shops, nicolae_shop_trees, shop, shop, shop, shop
D:8:      layout_loops_ring, hangedman_pestilent_swarm
D:9:      layout_loops_corners, led_sif_book, lemuel_crystal_altar, serial_ice,
          serial_ice_d, serial_ice_a, serial_ice_g, serial_ice_k, serial_ice_b,
          serial_ice_e, serial_ice_o, serial_ice_h,
          nicolae_gozag_zags_fifth_avenue
D:10:     layout_irregular_city, lair_entry_dummy, serial_shops, shop
D:11:     hangedman_cross_stitches, layout_irregular_city,
          minmay_guarded_unrand_finisher

Skill      XL: |  1  2  3  4  5  6  7  8  9 10 11 |
---------------+----------------------------------+-----
Fighting       | 4 5 6 7 8 10 11 12 | 12.8
Axes           | 3 4 5 6 8 9 10 | 10.2
Armour         | 4 5 6 7 9 10 11 | 11.9
Shields        | 4 5 7 8 |  8.8

Action                   |  1- 3 |  4- 6 |  7- 9 | 10-12 || total
-------------------------+-------+-------+-------+-------++-------
Melee: War axe           |   125 |   224 |   388 |   493 ||  1230
Invok: Convert to Beogh  |       |       |     1 |       ||     1
  Use: Potion            |       |     2 |     9 |     7 ||    18
       Scroll            |       |       |    16 |     4 ||    20
  Eat: Chunk             |       |     7 |     5 |     5 ||    17
       Ration            |       |       |     5 |     2 ||     7
Armor: Scale mail        |    60 |    36 |       |       ||    96
       Plate armour      |       |    22 |       |       ||    22
       Chain mail        |       |    65 |   195 |   309 ||   569
       Skin              |       |       |       |    30 ||    30
Dodge: Dodged            |    48 |    53 |    71 |   173 ||   345
Block: Shield            |    54 |   105 |   217 |   310 ||   686
